 Dungeon Crawl Stone Soup version 0.31-a0-600-g62dffe198b (webtiles) character file.

Game seed: 1556541008657027077

12058 MacCMillion the Grappler (level 11, 0/135 HPs)
             Began as a Troll Shapeshifter on Aug 21, 2023.
             Was an Elder of Cheibriados.
             Slain by a yak (5 damage)
             ... on level 1 of the Lair of Beasts.
             The game lasted 00:19:58 (10423 turns).

MacCMillion the Grappler (Troll Shapeshifter)      Turns: 10423, Time: 00:19:59

Health: 0/135      AC:  9    Str: 44    XL:     11   Next: 57%
Magic:  12/12      EV: 10    Int: 14    God:    Cheibriados [****..]
Gold:   715        SH:  0    Dex: 20    Spells: 10/10 levels left

rFire   . .          .
                       - Unarmed
rCold   . . .        (shield currently unavailable)
rNeg    . . .        R - melded +0 steam dragon scales
rPois   .            (helmet currently unavailable)
rElec   .            (cloak currently unavailable)
rCorr   +            (gloves unavailable)
SInv    .            (boots unavailable)
Will    .....        (no amulet)
Stlth   ++           k - ring of resist corrosion
HPRegen 1.22/turn    (no ring)
MPRegen 0.13/turn

%: no passive effects
@: snake-form, very slow
A: constrict, boosted hp, large, unfitting armour, (claws 3), regeneration 1,
(shaggy fur 1), (tough skin 1)
a: Begin Untransformation, Renounce Religion, Bend Time, Temporal Distortion,
Slouch


You were on level 1 of the Lair of Beasts.
You worshipped Cheibriados.
Cheibriados was greatly pleased with you.
You were an enormous anaconda.
You visited 3 branches of the dungeon, and saw 13 of its levels.
You also visited: Sewer.

You collected 715 gold pieces.

Inventory:

Missiles
 r - 2 throwing nets
 A - 9 curare-tipped darts
 B - 16 poisoned darts
 M - 12 boomerangs (quivered)
 P - 5 large rocks
 Q - 3 atropa-tipped darts
Armour
 R - +0 steam dragon scales (melded)
 T - a +2 cloak
 U - a +1 hat of stealth
Jewellery
 k - a ring of resist corrosion (left hand)
 p - an amulet of faith
 E - a ring of protection from cold
 F - a ring of protection from cold
 H - a ring of protection from fire
Talismans
 c - a beast talisman
 d - a flux talisman
 N - a blade talisman
 S - a serpent talisman (active)
Wands
 v - a wand of flame (20)
 w - a wand of polymorph (9)
 K - a wand of iceblast (6)
 O - a wand of paralysis (10)
Scrolls
 e - a scroll of silence
 l - 5 scrolls of poison {unknown}
 m - 4 scrolls of fear {unknown}
 o - 2 scrolls of amnesia
 q - 3 scrolls of blinking
 s - 6 scrolls of teleportation {unknown}
 u - 3 scrolls of revelation
 x - 2 scrolls of vulnerability {unknown}
 y - a scroll of butterflies
 I - 2 scrolls of enchant armour {unknown}
 L - 2 scrolls of enchant weapon {unknown}
Potions
 a - a potion of haste {unknown}
 b - 2 potions of lignification
 f - 3 potions of cancellation
 h - 2 potions of mutation
 i - a potion of enlightenment {unknown}
 j - 8 potions of curing
 n - 2 potions of degeneration {unknown}
 t - a potion of brilliance {unknown}
 z - 4 potions of heal wounds {unknown}
 C - 3 potions of invisibility
 D - 6 potions of might
 G - a potion of berserk rage {unknown}
 J - a potion of magic {unknown}


   Skills:
 + Level 8.3 Fighting
 - Level 1.5 Dodging
 - Level 11.0 Unarmed Combat
 - Level 3.0 Invocations
 + Level 10.1 Shapeshifting


You had 10 spell levels left.
You didn't know any spells.
Your spell library contained the following spells:

 Spells                   Type           Power      Damage    Failure   Level
 Magic Dart               Conj           0%         1d3       28%         1
 Call Imp                 Summ           0%         N/A       41%         2
 Ensorcelled Hibernation  Hex/Ice        0%         N/A       41%         2
 Passwall                 Tmut/Erth      0%         N/A       41%         2
 Sublimation of Blood     Necr           0%         N/A       41%         2
 Wereblood                Tmut           0%         N/A       41%         2
 Gell's Gravitas          Tloc           0%         N/A       65%         3
 Ignite Poison            Fire/Tmut/Pois 0%         N/A       65%         3
 Mephitic Cloud           Conj/Pois/Air  0%         N/A       65%         3
 Swiftness                Air            0%         N/A       65%         3
 Teleport Other           Tloc           0%         N/A       65%         3
 Vhi's Electric Charge    Tloc/Air       0%         N/A       65%         3
 Sticky Flame             Conj/Fire      0%         2d3       96%         4
 Summon Ice Beast         Ice/Summ       0%         N/A       96%         4
 Dispersal                Tloc           0%         N/A       100%        6
 Summon Hydra             Summ           0%         N/A       100%        7
 Ignition                 Fire           0%         3d3       100%        8


Dungeon Overview and Level Annotations

Branches:
Dungeon (11/15)            Temple (1/1) D:5            Lair (1/5) D:9
    Orc (0/2) D:11          Sewer (visited)

Altars:
Ashenzari
Cheibriados
Dithmenos
Elyvilon
Fedhas
Gozag
Hepliaklqana
Kikubaaqudgha
Makhleb
Nemelex Xobeh
Okawaru
Qazlal
Ru
Sif Muna
Trog
Uskayaw
Vehumet
Wu Jian
Xom
Yredelemnul
Zin
The Shining One

Shops:
D:4 *   D:5 =((   D:7 [   D:9 *   D:10 (   D:11 [

Annotations:
D:4 Sigmund
D:7 1 exclusion
Lair:1 1 transporter, exclusion: ice statue, Tarkan's ghost, journeyman TrBe


Innate Abilities, Weirdness & Mutations

You are an enormous anaconda.
You have a powerful constriction melee attack.
Your maximum health is increased.
Your armour is entirely melded.
You are incapable of wielding weapons or throwing items.
You are too large for most types of armour.
((You have claws for hands.))
Your natural rate of healing is unusually fast.
((You are covered in fur. (AC +1)))
((You have tough skin. (AC +1)))


Message History

The rime drake bites you but does no damage.
You crush the rime drake!!!
You kill the rime drake!
Cheibriados thoroughly appreciates the change of pace.
The yak barely misses you. The yak gores you.
Unknown command.
You completely miss the rime drake. Your grab misses the rime drake.
The rime drake bites you. The yak gores you! x2
* * * LOW HITPOINT WARNING * * *
Unknown command.
You body-slam the rime drake!!
Your grab misses the rime drake.
The rime drake is almost dead.
The rime drake breathes ice at you. The icy flash freeze hits you!!
* * * LOW HITPOINT WARNING * * *
You are encased in ice.
The yak closely misses you.
You body-slam the rime drake!!
You kill the rime drake!
Cheibriados appreciates the change of pace.
The yak closely misses you.
Your life force feels restored.
Unknown command.
You hit the yak but do no damage. You grab the yak. You constrict the yak.
The yak gores you.
* * * LOW HITPOINT WARNING * * *
The yak misses you.
Unknown command.
You body-slam the yak!!
The yak is heavily wounded.
You constrict the yak. The yak gores you!
* * * LOW HITPOINT WARNING * * *
The yak gores you!
* * * LOW HITPOINT WARNING * * *
Unknown command.
You lash the yak!
The yak is almost dead.
The ice encasing you melts away.
You constrict the yak. The yak gores you.
You die...

######........#
#....##.#
#......########
#..............
##.............
#.............
#.#....†......
####..........
#.SY.......
###Y.#.....
#.## .... ###
##.


You could see 2 yaks.

Vanquished Creatures
  2 two-headed ogres
  Nergalle (Lair:1)
  Sonja (Lair:1)
  Amaemon (D:9)
  A cyclops (D:11)
  A gargoyle (D:11)
  An orange demon (D:9)
  2 rime drakes (Lair:1)
  3 komodo dragons (D:10)
  Grinder (D:4)
  4 blink frogs (Lair:1)
  A shadow (D:9)
  A wyvern (D:8)
  A vampire (D:10)
  A basilisk (D:10)
  9 yaks
  A steam dragon (D:9)
  3 vampire mosquitoes (D:11)
  Edmund (D:4)
  2 water moccasins
  A sky beast (D:7)
  6 orc warriors
  An ogre (D:10)
  4 centaurs
  2 phantoms
  6 kobold brigands
  3 bullfrogs
  A scorpion (D:7)
  4 wights (D:8)
  A howler monkey (D:6)
  4 hounds
  2 jellies
  2 sleepcaps
  7 orc priests
  3 iguanas
  Ijyb (D:3)
  7 orc wizards
  Robin (D:4)
  11 gnolls
  3 river rats
  15 adders
  A shadow imp (D:8)
  A white imp (D:5)
  9 worms
  9 dart slugs
  41 orcs
  A bat (D:1)
  A bat zombie (D:9)
  11 endoplasms
  4 giant cockroaches
  13 hobgoblins
  6 jackals (D:5)
  16 kobolds
  A quokka (D:5)
  6 ball pythons
  5 frilled lizards
  15 goblins
  9 rats
  A rat zombie (D:9)
273 creatures vanquished.

Vanquished Creatures (others)
  An orc (D:7)
1 creature vanquished.

Grand Total: 274 creatures vanquished

Notes
Turn   | Place    | Note
-------+----------+-------------------------------------------
     0 | D:1      | MacCMillion the Troll Shapeshifter began the quest for the
                  | Orb.
     0 | D:1      | Reached XP level 1. HP: 18/18 MP: 0/0
    90 | D:1      | Reached XP level 2. HP: 26/26 MP: 1/1
   385 | D:1      | Reached skill level 4 in Unarmed Combat
   456 | D:1      | Reached XP level 3. HP: 32/32 MP: 2/2
  1199 | D:2      | Found a faded altar of an unknown god.
  1346 | D:2      | Reached XP level 4. HP: 32/40 MP: 3/3
  1366 | D:2      | Reached skill level 5 in Unarmed Combat
  1864 | D:3      | Reached XP level 5. HP: 34/46 MP: 4/4
  1928 | D:3      | Reached skill level 6 in Unarmed Combat
  2078 | D:3      | Found a basalt altar of Yredelemnul.
  2314 | D:3      | Noticed Ijyb
  2345 | D:3      | Killed Ijyb
  2441 | D:4      | Noticed Sigmund
  2512 | D:4      | Noticed Robin
  2522 | D:4      | Killed Robin
  2590 | D:4      | Noticed Grinder
  2604 | D:4      | Killed Grinder
  2605 | D:4      | Reached skill level 7 in Unarmed Combat
  2605 | D:4      | Reached XP level 6. HP: 36/54 MP: 5/5
  2678 | D:4      | Reached skill level 8 in Unarmed Combat
  2679 | D:4      | Reached XP level 7. HP: 47/61 MP: 6/6
  2768 | D:4      | Found a glowing drain.
  2787 | Sewer    | Entered a sewer
  3134 | Sewer    | Reached skill level 9 in Unarmed Combat
  3514 | D:4      | Reached XP level 8. HP: 19/68 MP: 7/7
  3605 | D:4      | Found a radiant altar of Vehumet.
  3636 | D:4      | Found Ruror's Fire Supplies.
  3682 | D:4      | Noticed Edmund
  3690 | D:4      | Killed Edmund
  3691 | D:4      | Reached skill level 10 in Unarmed Combat
  3771 | D:5      | Entered Level 5 of the Dungeon
  3820 | D:5      | Found a staircase to the Ecumenical Temple.
  3826 | Temple   | Entered the Ecumenical Temple
  3908 | Temple   | Became a worshipper of Cheibriados the Contemplative
  4178 | D:5      | Found a bloodstained altar of Trog.
  4303 | D:5      | Found Osuitaj's Antique Weapon Shop.
  4326 | D:5      | Found Ceyfosus's Jewellery Emporium.
  4336 | D:5      | Found Xaelehy's Weapon Boutique.
  4632 | D:6      | Found a sacrificial altar of Ru.
  4799 | D:6      | Reached skill level 11 in Unarmed Combat
  4799 | D:6      | Reached skill level 1 in Fighting
  4877 | D:6      | You fall into a shaft and drop 1 floor!
  5062 | D:6      | Reached * piety under Cheibriados
  5453 | D:6      | Reached skill level 1 in Invocations
  5543 | D:7      | Identified the +11 war axe of Gozag {venom, rF+}
  5569 | D:7      | Got the Codex of the Non-Euclidean Chill
  5646 | D:7      | Found Zeod Dou's Armour Shop.
  5721 | D:7      | Reached XP level 9. HP: 80/80 MP: 9/9
  5985 | D:7      | Found a white marble altar of Elyvilon.
  6259 | D:7      | Found an iron altar of Okawaru.
  6820 | D:8      | Found an ornate altar of the Wu Jian Council.
  6862 | D:8      | Reached ** piety under Cheibriados
  7332 | D:9      | Found an opulent altar of Gozag.
  7383 | D:9      | Found Gozag's Platinum Reserve.
  7595 | D:9      | Reached skill level 5 in Shapeshifting
  7912 | D:9      | Found a staircase to the Lair.
  7931 | D:9      | Noticed Amaemon
  7931 | D:9      | Noticed an orange demon
  7943 | D:9      | Killed Amaemon
  7944 | D:9      | Reached XP level 10. HP: 53/94 MP: 8/11
  7946 | D:9      | Killed an orange demon
  8102 | D:9      | Noticed a two-headed ogre
  8110 | D:9      | Killed a two-headed ogre
  8111 | D:9      | Reached skill level 5 in Fighting
  8316 | D:9      | Found an ancient bone altar of Kikubaaqudgha.
  8336 | D:10     | Entered Level 10 of the Dungeon
  8551 | D:10     | Reached *** piety under Cheibriados
  8605 | D:10     | Found a stormy altar of Qazlal.
  8659 | D:10     | Noticed a two-headed ogre
  8667 | D:10     | Killed a two-headed ogre
  8769 | D:10     | Found Xishre's Weapon Boutique.
  9127 | D:10     | Found a blossoming altar of Fedhas.
  9255 | D:11     | Reached **** piety under Cheibriados
  9256 | D:11     | Reached XP level 11. HP: 107/107 MP: 12/12
  9423 | D:11     | Found a staircase to the Orcish Mines.
  9572 | D:11     | Found Sohics's Antique Armour Emporium.
  9870 | Lair:1   | Entered Level 1 of the Lair of Beasts
  9926 | Lair:1   | Noticed Sonja
  9933 | Lair:1   | Killed Sonja
 10127 | Lair:1   | Noticed Nergalle
 10140 | Lair:1   | Killed Nergalle
 10246 | Lair:1   | Noticed Tarkan's ghost (journeyman TrBe)
 10257 | Lair:1   | Found a transporter.
 10416 | Lair:1   | Reached skill level 10 in Shapeshifting
 10422 | Lair:1   | HP: 4/135 [yak (10)]
 10423 | Lair:1   | Slain by a yak

Illustrated notes

Levels and vault maps discovered:
D:1:      dpeg_arrival_arbitrary_c, layout_loops_ring,
          chequers_serial_rivers_large_a, grunt_decor_clamped
D:2:      layout_basic, shapermc_ecumenical_altar_flowoftime, minmay_octomino_j4
D:3:      layout_loops_ring, yredelemnul_altar_generic, uniq_ijyb
D:4:      nicolae_cairo_tiling, layout_basic,
          mainiacjoe_overflow_surrounded_room, lightli_sewer_entry_pipes,
          nicolae_shop_fire_sale [nicolae_sub_dead_trees], uniq_grinder,
          uniq_edmund, uniq_robin, uniq_sigmund
D:5:      layout_basic, trog_butcher_becter, minmay_temple_entry_wispy,
          serial_shops, nicolae_shop_tiny_statue_garden, nicolae_shop_stone,
          nicolae_square_shop, grunt_decor_mini_mirrors,
          chequers_serial_rivers_small_b, chequers_serial_rivers_small_a
D:6:      minmay_spotlight, layout_basic, nicolae_ru_awakened_eye
D:7:      layout_gridville, mainiacjoe_overflow_catwalk,
          nicolae_elyvilon_temple_path, serial_shops,
          nicolae_shop_gibbet_a_chance, dk_noncrumbling_2,
          chequers_serial_rivers_small_a, palyth_stone_intersect,
          bh_walls_and_bars
D:8:      layout_loops_ring, lemuel_tele_altar, serial_bayou_pond_a
D:9:      layout_roguey, nicolae_gozag_zags_fifth_avenue,
          lemuel_zombie_altar_kikubaaqudgha, uniq_amaemon
D:10:     layout_roguey [special_room_orc], kennysheep_little_box,
          lemuel_crystal_altar, serial_shops, shop, minmay_misc_feat_x,
          minmay_lizard_king
D:11:     layout_basic, orc_0_dummy, serial_shops, shop
Temple:   grunt_temple_mini_profane
Lair:1:   layout_hall_layers, nzn_ghost_randoct, uniq_fannar, uniq_sonja,
          uniq_nergalle

Skill      XL: |  1  2  3  4  5  6  7  8  9 10 11 |
---------------+----------------------------------+-----
Unarmed Combat | 4 5 7 8 9 11 | 11.0
Fighting       | 2 4 6 8 |  8.3
Invocations    | 1 3 |  3.0
Shapeshifting  | 4 6 9 10 | 10.1
Dodging        | |  1.5

Action                     |  1- 3 |  4- 6 |  7- 9 | 10-12 || total
---------------------------+-------+-------+-------+-------++-------
  Melee: Unarmed           |    60 |   104 |   295 |   140 ||   599
         Punch             |       |     3 |    11 |       ||    14
         Constrict         |       |       |       |    35 ||    35
  Throw: Boomerang         |       |       |       |     6 ||     6
         Dart              |       |       |       |     1 ||     1
 Invoke: Bend Time         |       |       |     3 |       ||     3
    Use: Scroll            |       |       |       |    10 ||    10
   Stab: Sleeping          |     1 |     1 |       |     1 ||     3
 Armour: Animal skin       |    19 |    28 |    48 |       ||    95
         Steam dragon scal |       |       |    14 |     1 ||    15
         Skin              |       |       |       |    46 ||    46
  Dodge: Dodged            |    21 |    42 |   105 |    63 ||   231
   Form: Blade             |       |       |     1 |       ||     1
         Beast             |       |       |     1 |       ||     1
         Anaconda          |       |       |       |     1 ||     1

Table legend: (Time is in decaauts)
 A = Elapsed time spent in this place.
 B = Non-inter-level travel time spent in this place.
 C = Inter-level travel time spent in this place.
 D = Time resting spent in this place.
 E = Time spent auto-exploring this place.
 F = Levels seen in this place.
 G = Mean time per level.
                   A        B        C        D        E       F      G
               +--------+--------+--------+--------+--------+-----+--------+
         Total |  12507 |  11862 |    645 |   1426 |   8509 |  14 |  893.4 |
       Dungeon |  11104 |  10529 |    575 |   1102 |   7846 |  11 | 1009.5 |
        Temple |    111 |     43 |     68 |      0 |      0 |   1 |  111.0 |
          Lair |    690 |    690 |      0 |    312 |    243 |   1 |  690.0 |
         Sewer |    602 |    602 |      0 |     12 |    418 |   1 |  602.0 |
               +--------+--------+--------+--------+--------+-----+--------+

Top non-repeatable levels by time:
    D:10: 1343 daAuts
     D:9: 1337 daAuts
     D:7: 1190 daAuts
     D:6: 1172 daAuts
     D:8: 1130 daAuts
     D:1: 991 daAuts
     D:5: 930 daAuts
     D:3: 854 daAuts
    D:11: 849 daAuts
     D:2: 699 daAuts
  Lair:1: 690 daAuts
     D:4: 602 daAuts
   Sewer: 602 daAuts
  Temple: 111 daAuts
